 Dungeon Crawl Stone Soup version 0.26-a0-710-g95a0c6c400 (webtiles) character file.

Game seed: 1646678824894857099

49 tzalcoatl the Caller (level 3, 0/26 HPs)
             Began as a Merfolk Summoner on Oct 30, 2020.
             Slain by a white imp (3 damage)
             ... summoned by Natasha
             ... on level 2 of the Dungeon.
             The game lasted 00:12:13 (2062 turns).

tzalcoatl the Caller (Merfolk Summoner)             Turns: 2062, Time: 00:12:14

Health: 0/26       AC:  2    Str:  8    XL:     3   Next: 75%
Magic:  3/6        EV: 13    Int: 15    God:
Gold:   58         SH:  0    Dex: 14    Spells: 4/7 levels left

rFire    . . .     SeeInvis .   e - +0 dagger
rCold    . . .     Faith    .   (no shield)
rNeg     . . .     Spirit   .   a - +0 robe
rPois    .         Reflect  .   (no helmet)
rElec    .         Harm     .   (no cloak)
rCorr    .         Rampage  .   (no gloves)
MR       .....                  (no boots)
Stlth    ++........             (no amulet)
HPRegen  0.08/turn              (no ring)
MPRegen  0.10/turn              (no ring)

@: slowed, very slow
A: change form in water, swift swim, stealthy swim
a: no special abilities


You were on level 2 of the Dungeon.
You visited 1 branch of the dungeon, and saw 2 of its levels.

You collected 58 gold pieces.

Inventory:

Hand Weapons
 e - a +0 dagger (weapon)
Missiles
 c - 2 atropa-tipped darts (quivered)
Armour
 a - a +0 robe (worn)
Scrolls
 d - 2 scrolls of random uselessness {unknown}
 f - a scroll of fog {unknown}
 i - 2 scrolls of teleportation {unknown}
 k - 2 scrolls of remove curse
 l - a scroll of identify {unknown}
Potions
 b - a potion of invisibility {unknown}
 h - 2 potions of heal wounds
 j - a potion of haste {unknown}
 m - a potion of stabbing {unknown}


   Skills:
 + Level 1.1 Fighting
 + Level 3.2 Dodging
 + Level 2.7 Stealth
 * Level 2.5 Spellcasting
 * Level 4.3 Summonings


You had 4 spell levels left.
You knew the following spells:

 Your Spells              Type           Power        Failure   Level
a - Summon Small Mammal   Summ           ##..         3%          1
b - Call Imp              Summ           ##......     5%          2

Your spell library contained the following spells:

 Spells                   Type           Power        Failure   Level
 Call Canine Familiar     Summ           ##......     11%         3
 Summon Guardian Golem    Hex/Summ       #.......     26%         3
 Summon Ice Beast         Ice/Summ       #.......     65%         4
 Summon Lightning Spire   Summ/Air       #.......     65%         4


Dungeon Overview and Level Annotations

Branches:
Dungeon (2/15)

Altars:
Fedhas

Annotations:
D:2 Natasha


Message History

Your bat hits the crimson imp.
Your bat closely misses the crimson imp.
The crimson imp hits you.
Your bat closely misses the crimson imp.
Natasha casts a spell at you. The magic dart hits you.
Your bat hits the white imp but does no damage.
The crimson imp blinks!
Natasha stares at you and mumbles some strange words.
The magic dart hits you. The white imp gestures at you.
The puff of frost hits you!
* * * LOW HITPOINT WARNING * * *
Casting: Summon Small Mammal (safe; 3% risk of failure)
Confirm with . or Enter, or press ? or * to list all spells.
Your bat hits the white imp but does no damage.
Your bat barely misses Natasha.
Your bat closely misses the white imp.
Natasha casts a spell.
The white imp hits you.
You die...

............................'....
.>........#..........#.....h####.
......#####..........#......# #.
#.#####...#..........#.....## #.
.. #.....##########.....# #. ##
###.### #.....# #. #####.#
#.....# #.
#...#+############.....# ..
#.#.........@h.........# .#
#......<...5.5....######
#...........b.r..##
#............PbP.#
#................#
#.#.......5......#
..<.............###
####....########... +..... ####


You could see Natasha, a crimson imp (summoned), 2 white imps, a friendly quokka
(summoned) and 2 friendly bats.

Vanquished Creatures
  A dart slug (D:1)
  A leopard gecko (D:1)
  2 giant cockroaches (D:1)
  2 goblins (D:1)
  3 hobgoblins (D:1)
  4 bats
  2 frilled lizards (D:1)
  2 kobolds (D:1)
  6 rats
23 creatures vanquished.

Vanquished Creatures (collateral kills)
  Natasha (D:2)
  An adder (D:2)
  A dart slug (D:1)
  A bat (D:1)
  3 goblins (D:1)
  A hobgoblin (D:1)
  A frilled lizard (D:2)
9 creatures vanquished.

Vanquished Creatures (others)
  2 plants (D:2)
2 creatures vanquished.

Grand Total: 34 creatures vanquished

Notes
Turn   | Place    | Note
-------+----------+-------------------------------------------
     0 | D:1      | tzalcoatl the Merfolk Summoner began the quest for the Orb.
     0 | D:1      | Reached XP level 1. HP: 13/13 MP: 3/3
   194 | D:1      | Reached XP level 2. HP: 18/20 MP: 3/5
   825 | D:1      | Learned a level 2 spell: Call Imp
  1128 | D:1      | Reached XP level 3. HP: 25/25 MP: 6/6
  1359 | D:2      | Found a blossoming altar of Fedhas.
  1362 | D:2      | Reached skill level 1 in Fighting
  1778 | D:2      | Noticed Natasha
  1845 | D:2      | Killed Natasha
  2050 | D:2      | Noticed Natasha
  2062 | D:2      | Slain by a white imp

Illustrated notes

Levels and vault maps discovered:
D:1:      tarquinn_simple_flora_water_b, layout_rooms
D:2:      minmay_general_purpose_star, layout_basic,
          grunt_temple_overflow_gold_and_silver,
          nicolae_dithmenos_through_a_glass_darkly, fedhas_altar_1,
          eino_curves_02, uniq_terence, uniq_natasha

Skill      XL: |  1  2  3 |
---------------+----------+-----
Dodging        | 3 |  3.2
Fighting       | 1 |  1.1
Stealth        | |  2.7
Spellcasting   | |  2.5
Summonings     | |  4.3

Action                   || total
-------------------------++-------
Melee: Spear             ||    21
       Dagger            ||   127
       Unarmed           ||     5
 Cast: Summon Small Mamm ||    16
       Call Imp          ||     3
  Use: Scroll            ||     2
       Potion            ||     2
 Stab: Sleeping          ||     2
       Distracted        ||     1
Armor: Robe              ||    41
       Skin              ||     1
Dodge: Dodged            ||   124

Table legend: (Time is in decaauts)
 A = Elapsed time spent in this place.
 B = Non-inter-level travel time spent in this place.
 C = Inter-level travel time spent in this place.
 D = Time resting spent in this place.
 E = Time spent auto-exploring this place.
 F = Levels seen in this place.
 G = Mean time per level.
                   A        B        C        D        E       F      G
               +--------+--------+--------+--------+--------+-----+--------+
         Total |   2071 |   2053 |     18 |    801 |    780 |   2 | 1035.5 |
       Dungeon |   2071 |   2053 |     18 |    801 |    780 |   2 | 1035.5 |
               +--------+--------+--------+--------+--------+-----+--------+

Top non-repeatable levels by time:
     D:1: 1358 daAuts
     D:2: 713 daAuts
